 Dungeon Crawl Stone Soup version 0.20-a0-426-gc811625 (webtiles) character file.

216 Kriby the Magician (level 5, -3/35 HPs)
             Began as a Mummy Fire Elementalist on Dec 31, 2016.
             Slain by a gnoll
             ... wielding a +0 spear
              (7 damage)
             ... on level 6 of the Dungeon.
             The game lasted 00:06:32 (3286 turns).

Kriby the Magician (Mummy Fire Elementalist)        Turns: 3286, Time: 00:06:33

Health: -3/35      AC:  4    Str: 11    XL:     5   Next: 61%
Magic:  4/12       EV: 12    Int: 15    God:
Gold:   146        SH:  0    Dex: 13    Spells: 10/14 levels left

rFire  x . .     SeeInvis .     k - +0 dagger (venom)
rCold  + . .     Gourm    .     a - +0 robe
rNeg   + + +     Faith    .     (no shield)
rPois  ∞         Spirit   .     l - +0 helmet
rElec  .         Reflect  .     (no cloak)
rCorr  .         Harm     .     (no gloves)
MR     .....                    i - +0 pair of boots
Stlth  ++........               (no amulet)
                                (no ring)
                                (no ring)

@: very slightly contaminated
A: no food or potions, fire vulnerability, cold resistance 1, negative energy
resistance 3, torment resistance, unbreathing
a: no special abilities


You were on level 6 of the Dungeon.
You were not hungry.

You visited 1 branch of the dungeon, and saw 4 of its levels.

You collected 146 gold pieces.

Inventory:

Hand Weapons
 k - a +0 dagger of venom (weapon)
 q - a +1 vampiric trident
Armour
 a - a +0 robe (worn)
 i - a +0 pair of boots (worn)
 l - a +0 helmet (worn)
 o - a +0 shield
Scrolls
 c - a scroll of noise {unknown}
 d - 2 scrolls of identify
 e - a scroll of immolation {unknown}
 f - a scroll of recharging {unknown}
 g - a scroll of magic mapping
 h - a scroll of teleportation {unknown}
 j - a scroll of remove curse
 m - a scroll of amnesia {unknown}
 n - a scroll of blinking {unknown}
Books
 b - a book of Flames

   Spells                             Type                      Level
   a - Flame Tongue                   Conjuration/Fire             1
   b - Throw Flame                    Conjuration/Fire             2
   c - Conjure Flame                  Conjuration/Fire             3
   d - Inner Flame                    Hexes/Fire                   3
   e - Sticky Flame                   Conjuration/Fire             4
   f - Fireball                       Conjuration/Fire             5
 p - a book of Conjurations

   Spells                             Type                      Level
   a - Magic Dart                     Conjuration                  1
   b - Searing Ray                    Conjuration                  2
   c - Dazzling Spray                 Conjuration/Hexes            3
   d - Fulminant Prism                Conjuration/Hexes            4
   e - Iskenderun's Mystic Blast      Conjuration                  4
   f - Iskenderun's Battlesphere      Conjuration/Charms           5


   Skills:
 - Level 1.5 Dodging
 - Level 1.5 Stealth
 * Level 5.4 Spellcasting
 + Level 2.9 Conjurations
 + Level 2.8 Fire Magic


You had 10 spell levels left.
You knew the following spells:

 Your Spells              Type           Power        Failure   Level  Hunger
a - Flame Tongue          Conj/Fire      ##...        6%          1    N/A
b - Conjure Flame         Conj/Fire      ##......     17%         3    N/A

Dungeon Overview and Level Annotations

Branches:
Dungeon (3/15)

Altars:
Dithmenos

Annotations:
D:2 exclusion: downstairs
D:3 2 exclusions, mechtar's ghost, weakling DEFE


Innate Abilities, Weirdness & Mutations

You do not eat or drink.
Your flesh is vulnerable to fire.
You are immune to poison.
Your flesh is cold resistant. (rC+)
You are immune to negative energy. (rN+++)
You are immune to unholy pain and torment.
You can survive without breathing.


Message History

The bullfrog skeleton hits you. The bullfrog skeleton hits you.
The bullfrog skeleton hits you.
* * * LOW HITPOINT WARNING * * *
The bullfrog skeleton closely misses you.
A gnoll comes into view. It is wielding a spear.
The gnoll shouts!
As you read the scroll labeled LAWIOC UVUDEI, it crumbles to dust.
You feel blessed for a moment.
It was a scroll of remove curse.
The bullfrog skeleton misses you.
As you read the scroll labeled GEVEJO MAEHI, it crumbles to dust.
It is a scroll of identify.
g - a scroll of magic mapping The bullfrog skeleton hits you.
* * * LOW HITPOINT WARNING * * *
The gnoll closely misses you. The bullfrog skeleton hits you.
* * * LOW HITPOINT WARNING * * *
The gnoll closely misses you. The gnoll hits you with a spear!
You die...

#. ### #. #..#### #. #.....#
###. #....## #####$..
###...###### #.....#!
#.#....).#### #....##.
#..#####....###########....##g
##..# ####..@......#......##.
##.## #..g.Z..#...#######.
#g.# #.......g....######. ##s#
#.................#. #.###
#.......####.####... #...#
######### #... #.## ###†##
###..... #..# ###.## ##.# #.#


You could see 2 gnolls and a bullfrog skeleton.

Vanquished Creatures
  A howler monkey (D:6)
  3 worker ants (D:6)
  A gnoll (D:6)
  3 adders (D:2)
  An ooze (D:3)
  2 worms
  2 dart slugs (D:2)
  2 leopard geckos
  3 giant cockroaches
  5 goblins
  6 hobgoblins
  4 jackals (D:1)
  2 quokkas
  A ball python (D:2)
  8 bats
  A frilled lizard (D:1)
  4 kobolds
  A leopard gecko zombie (D:6)
  8 rats
58 creatures vanquished.

Notes
Turn   | Place    | Note
-------+----------+-------------------------------------------
     0 | D:1      | Kriby the Mummy Fire Elementalist began the quest for the Orb.
     0 | D:1      | Reached XP level 1. HP: 13/13 MP: 4/4
    15 | D:1      | Reached skill level 1 in Conjurations
   156 | D:1      | Reached skill level 3 in Spellcasting
   226 | D:1      | Reached XP level 2. HP: 8/19 MP: 0/6
   773 | D:1      | Reached skill level 4 in Spellcasting
  1173 | D:2      | You fall through a shaft!
  1183 | D:3      | Noticed mechtar's ghost (weakling DEFE)
  1205 | D:3      | Found a shadowy altar of Dithmenos.
  1387 | D:2      | Reached XP level 3. HP: 24/24 MP: 5/8
  1394 | D:2      | Learned a level 3 spell: Conjure Flame
  2136 | D:2      | Reached XP level 4. HP: 30/30 MP: 6/10
  2988 | D:3      | You fall through a shaft for 3 floors!
  3125 | D:6      | Reached XP level 5. HP: 35/35 MP: 2/12
  3131 | D:6      | Reached skill level 5 in Spellcasting
  3286 | D:6      | Slain by a gnoll

Vault maps used:
D:1:      minmay_arrival_arboretum_small
D:3:      cheibrodos_thug_alley, lemuel_doored_altar
D:6:      uniq_sigmund, uniq_blork_the_orc, uniq_grinder

Skill      XL: |  1  2  3  4  5 |
---------------+----------------+-----
Conjurations   | 1 2 |  2.9
Spellcasting   | 3 4 5 |  5.4
Dodging        | |  1.5
Stealth        | |  1.5
Fire Magic     | |  2.8

Action                   |  1- 3 |  4- 6 || total
-------------------------+-------+-------++-------
Melee: Unarmed           |    39 |       ||    39
       Dagger            |     6 |    11 ||    17
 Cast: Flame Tongue      |    82 |    48 ||   130
       Conjure Flame     |       |     4 ||     4
  Use: Scroll            |       |     2 ||     2
Armor: Robe              |    24 |     5 ||    29
Dodge: Dodged            |    72 |    25 ||    97
